Map: Romanticide LE

Players

ViBE - Winner!

  • Race: Terran Terran
  • League: Platinum
  • Spawn Location: 5:00

datNiebs

  • Race: Protoss Protoss
  • League: Gold
  • Spawn Location: 11:00

VOD

Have the link to the VOD?

Description

Time

  • Played on: April 1, 2021, 11:26 p.m.
  • Length: 15:34
Show
View Real Time Build Order
Export as new Build Order

ViBE Terran - Winner!

Build Orders:  

Get SALT Encoding   

  12  0:00  SCV  
  13  0:12  SCV  
  14  0:22  Supply Depot  
  14  0:24  SCV  
  15  0:43  SCV  
  15  0:44  Barracks  
  15  0:48  Refinery  
  16  0:56  SCV  
  17  1:09  SCV  
  18  1:21  SCV  
  19  1:33  Marine  
  19  1:34  Orbital Command  
  20  1:47  Command Center  
  20  1:51  Marine  
  21  1:55  Supply Depot  
  21  2:00  SCV  
  22  2:06  Factory  
  22  2:10  Barracks Reactor  
  22  2:21  Bunker  
  22  2:28  SCV  
  23  2:40  SCV  
  24  2:48  Marine x2  
  26  2:52  SCV  
  26  2:53  Factory Tech Lab  
  26  2:57  Barracks  
  27  2:59  Orbital Command  
  27  3:04  SCV  
  28  3:12  Supply Depot  
  28  3:13  Marine x2  
  28  3:14  Siege Tank  
  28  3:19  SCV  
  34  3:26  Refinery  
  34  3:30  SCV, Marine  
  34  3:31  SCV, Marine  
  38  3:41  Supply Depot  
  38  3:43  SCV  
  38  3:47  SCV  
  40  3:55  SCV, Marine x2, Barracks Tech Lab  
  42  4:00  Siege Tank  
  46  4:09  SCV x2  
  48  4:17  Marine x3  
  48  4:21  SCV x2  
  48  4:22  Starport  
  53  4:33  SCV x2  
  53  4:35  Marine x3  
  53  4:36  Supply Depot  
  53  4:52  Marine  
  52  4:53  SCV x2, Marine x2  
  52  4:56  Siege Tank  
  60  5:05  SCV x2  
  62  5:10  Starport Reactor  
  62  5:12  Command Center  
  62  5:20  Supply Depot x2  
  62  5:22  Supply Depot  
  62  5:28  Marine x2  
  62  5:29  SCV x2  
  62  5:32  Siege Tank  
  69  5:41  SCV x2  
  69  5:42  Stimpack  
  71  5:44  Marine  
  71  5:46  Marine x2  
  71  5:47  Refinery  
  71  5:49  Refinery  
  74  5:50  Engineering Bay  
  74  5:51  Engineering Bay  
  74  5:53  SCV  
  74  5:55  SCV  
  76  5:59  Supply Depot  
  76  6:02  Medivac  
  78  6:22  Supply Depot  
  78  6:26  Marine x3  
  78  6:30  SCV x2  
  83  6:34  Terran Infantry Weapons Level 1, Terran Infantry Armor Level 1  
  83  6:37  Orbital Command  
  83  6:42  SCV x2  
  83  6:44  Armory  
  85  6:54  SCV x2  
  86  6:55  Barracks x2  
  86  6:59  Orbital Command  
  86  7:00  Barracks  
  87  7:02  Marine x2  
  87  7:03  Marine  
  87  7:04  Medivac x2  
  94  7:17  Supply Depot  
  94  7:18  Supply Depot  
  94  7:20  Marine x3  
  97  7:26  SCV x3  
  100  7:35  Thor  
  106  7:37  Terran Vehicle Weapons Level 1  
  106  7:38  SCV x3, Marine x3  
  112  7:50  SCV x3  
  114  7:58  Barracks Reactor x3  
  113  8:02  SCV x3  
  111  8:14  SCV x3, Barracks  
  111  8:15  Barracks  
  111  8:16  Barracks x2  
  114  8:21  Command Center  
  114  8:23  Refinery x2  
  114  8:26  SCV x2  
  114  8:27  SCV  
  117  8:32  Marine  
  117  8:33  Marine x2  
  114  8:34  Thor  
  114  8:35  Medivac x2  
  114  8:38  SCV x2  
  114  8:39  SCV  
  125  8:46  Supply Depot x3  
  125  8:49  Terran Infantry Weapons Level 2  
  125  8:50  SCV  
  125  8:51  SCV x2  
  125  8:52  Terran Infantry Armor Level 2  
  128  8:59  Combat Shield  
  128  9:11  Marine  
  128  9:12  Barracks Reactor x4  
  128  9:15  Marine x6  
  128  9:16  Marine x2  
  137  9:17  SCV x3  
  137  9:22  Thor  
  146  9:28  Supply Depot  
  146  9:29  Marine  
  147  9:31  Supply Depot  
  147  9:32  SCV x3  
  150  9:44  SCV x3  
  143  9:55  Marine x9  
  143  9:56  Command Center  
  152  10:09  Marine  
  152  10:10  Marine x7  
  154  10:18  Planetary Fortress  
  150  10:26  Marine x3  
  150  10:27  Marine x5  
  158  10:31  Thor  
  158  10:32  Terran Vehicle Weapons Level 2, Medivac x2  
  168  10:40  SCV x2  
  170  10:48  Barracks  
  170  10:49  Barracks  
  170  10:51  Barracks  
  170  10:52  Barracks, Factory  
  170  10:55  Starport, Marine x5, Barracks  
  170  10:56  Marine x12  
  187  11:00  Barracks  
  187  11:14  Thor  
  187  11:17  Planetary Fortress  
  187  11:18  Barracks  
  193  11:23  Marine x7  
  200  11:34  Concussive Shells  
  200  11:35  Command Center  
  200  11:37  Starport Reactor  
  200  11:38  Factory Tech Lab  
  200  11:40  Barracks Tech Lab  
  200  11:41  Barracks Tech Lab x3  
  200  11:44  Barracks Reactor  
  200  12:17  Barracks Reactor x2  
  200  12:19  Unknown  
  200  12:22  Terran Infantry Weapons Level 3, Terran Infantry Armor Level 3  
  200  12:24  Smart Servos  
  177  12:52  Marauder x5  
  177  12:53  Thor x2  
  177  12:54  Medivac x4  
  177  12:55  Marine x5  
  194  13:00  Marine  
  173  13:09  Marine x13  
  173  13:10  Marine x3  
  173  13:12  Marine  
  168  13:13  Marine x4, Marauder x5  
  168  13:17  Planetary Fortress  
  168  13:18  Marine  
  169  13:24  Medivac x4  
  169  13:27  Marine x10  
  174  13:28  Marine x6  
  174  13:29  Command Center  
  174  13:30  Marine  
  174  13:31  Marine  
  192  13:34  Marauder  
  192  13:35  Marauder x3  
  196  14:07  Medivac x3  
  196  14:08  Medivac  
  194  14:10  Marauder x3  
Show
View Real Time Build Order
Export as new Build Order

datNiebs Protoss 

Build Orders:  

Get SALT Encoding   

  12  0:00  Probe  
  13  0:12  Probe  
  14  0:19  Pylon  
  14  0:25  Probe  
  15  0:37  Probe (Chrono Boost)  
  15  0:38  Gateway  
  16  0:49  Probe (Chrono Boost)  
  17  0:55  Assimilator  
  18  0:57  Probe (Chrono Boost)  
  18  1:03  Probe  
  18  1:04  Gateway  
  19  1:16  Assimilator  
  19  1:17  Probe  
  20  1:25  Cybernetics Core  
  20  1:29  Probe  
  21  1:41  Probe  
  22  1:52  Pylon  
  22  1:53  Probe  
  23  2:07  Pylon  
  23  2:09  Warp Gate (Chrono Boost)  
  23  2:10  Probe  
  23  2:11  Stalker x2  
  28  2:47  Nexus  
  28  2:52  Gateway  
  28  2:59  Stalker  
  28  3:03  Stalker  
  31  3:40  Stalker  
  33  3:42  Stalker  
  35  3:48  Pylon  
  35  3:49  Probe  
  35  3:54  Stalker  
  39  4:04  Probe (Chrono Boost)  
  39  4:05  Probe (Chrono Boost)  
  40  4:10  Stalker  
  40  4:13  Probe (Chrono Boost)  
  40  4:14  Stalker  
  40  4:16  Probe (Chrono Boost)  
  46  4:18  Probe (Chrono Boost)  
  47  4:24  Robotics Facility  
  47  4:25  Probe  
  47  4:30  Probe  
  49  4:37  Probe  
  38  5:05  Stalker x2  
  38  5:06  Stalker  
  42  5:12  Probe  
  42  5:14  Probe  
  44  5:15  Observer  
  45  5:24  Probe  
  45  5:25  Forge  
  45  5:26  Probe  
  45  5:28  Twilight Council, Stalker  
  47  5:29  Pylon  
  47  5:30  Stalker  
  47  5:35  Stalker  
  53  5:36  Probe  
  53  5:38  Probe  
  55  5:42  Assimilator  
  55  5:48  Probe  
  56  5:52  Stalker  
  56  5:54  Stalker  
  56  5:56  Protoss Ground Weapons Level 1 (Chrono Boost)  
  60  6:00  Probe  
  60  6:02  Blink (Chrono Boost)  
  61  6:12  Probe  
  62  6:21  Pylon  
  62  6:24  Photon Cannon  
  62  6:25  Probe (Chrono Boost)  
  63  6:28  Assimilator  
  63  6:36  Pylon, Probe (Chrono Boost)  
  65  6:40  Probe (Chrono Boost)  
  65  6:41  Probe (Chrono Boost)  
  65  6:45  Stalker  
  68  6:50  Probe  
  68  6:51  Probe  
  68  6:52  Nexus  
  70  6:58  Stalker  
  70  6:59  Stalker  
  74  7:08  Pylon  
  74  7:11  Pylon, Probe  
  75  7:23  Probe  
  75  7:24  Gateway  
  75  7:25  Gateway  
  75  7:28  Gateway  
  76  7:35  Probe  
  77  7:47  Probe  
  78  7:51  Stalker x2  
  78  7:52  Stalker  
  78  7:56  Charge  
  78  8:05  Photon Cannon  
  78  8:07  Photon Cannon  
  70  8:22  Stalker x2, Gateway  
  70  8:23  Stalker  
  70  8:24  Shield Battery, Stalker  
  70  8:25  Stalker x2  
  80  8:45  Pylon  
  80  8:46  Shield Battery  
  80  8:49  Shield Battery  
  80  8:51  Pylon  
  80  8:55  Pylon  
  80  9:03  Probe  
  80  9:04  Protoss Ground Weapons Level 2 (Chrono Boost)  
  80  9:09  Immortal  
  85  9:10  Nexus  
  85  9:11  Pylon  
  85  9:15  Probe  
  86  9:17  Robotics Bay  
  86  9:21  Photon Cannon  
  86  9:24  Zealot, Stalker  
  88  9:25  Zealot  
  88  9:26  Zealot  
  88  9:28  Probe  
  95  9:40  Probe  
  96  9:49  Observer  
  96  9:52  Probe  
  98  9:58  Stalker x2  
  98  9:59  Stalker x2  
  106  10:00  Zealot  
  106  10:01  Zealot  
  105  10:30  Pylon  
  105  10:31  Shield Battery, Probe  
  105  10:32  Photon Cannon  
  105  10:34  Pylon  
  106  10:36  Zealot x4  
  106  10:37  Zealot x2  
  106  10:41  Extended Thermal Lance  
  118  10:43  Probe  
  119  10:55  Probe  
  120  11:00  Probe  
  121  11:07  Probe  
  121  11:09  Photon Cannon  
  122  11:11  Photon Cannon  
  122  11:12  Shield Battery, Probe  
  122  11:14  Pylon  
  122  11:16  Colossus (Chrono Boost), Assimilator  
  123  11:20  Probe  
  123  11:24  Probe  
  131  11:32  Probe  
  132  11:36  Photon Cannon  
  132  11:41  Pylon  
  132  11:44  Zealot x2, Probe  
  132  11:45  Zealot x2  
  132  11:46  Zealot  
  132  11:47  Zealot  
  145  11:50  Protoss Ground Weapons Level 3  
  145  11:56  Pylon  
  145  11:57  Pylon  
  139  12:12  Zealot  
  139  12:13  Zealot x5  
  151  12:33  Zealot  
  151  12:34  Zealot x4  
  151  12:35  Zealot  
  151  12:36  Colossus (Chrono Boost)  
  127  13:10  Zealot x3  
  127  13:11  Zealot x2  
  103  13:23  Probe (Chrono Boost)  
  104  13:33  Probe (Chrono Boost)  
  105  13:34  Nexus  
  105  13:36  Pylon  
  105  13:38  Zealot  
  105  13:39  Pylon, Zealot x2  
  105  13:41  Probe (Chrono Boost)  
  112  13:43  Pylon, Probe (Chrono Boost)  
  112  13:48  Probe x2 (Chrono Boost)  
  115  13:59  Probe  
  76  14:11  Probe  
  76  14:15  Zealot x3  
  76  14:16  Zealot x2  
  81  14:21  Photon Cannon  
  81  14:23  Photon Cannon  
  81  14:26  Photon Cannon  
  81  14:27  Shield Battery  
  81  14:29  Probe  
  72  14:38  Zealot  
  72  14:39  Zealot x2  
  72  14:41  Probe  
  68  14:53  Probe  
Tags
 
Matchup
PvT
Player
ViBE
Spawn Locations
Cross Positions
Add a new tag
Caveats
  • Supply blocks, unpowered buildings, or Contaminate may cause inaccurate times.
  • Supply counts are checked every 10 seconds.